 Dungeon Crawl Stone Soup version 0.24.1-11-gbbbb2193e6 (webtiles) character file.

Game seed: 2203748868254597594, levelgen mode: deterministic

160 Peloso the Shield-Bearer (level 5, -7/41 HPs)
             Began as a Demonspawn Fighter on May 10, 2020.
             Killed from afar by an electric eel (12 damage)
             ... with a bolt of electricity
             ... on level 3 of the Dungeon.
             The game lasted 00:07:29 (2436 turns).

Peloso the Shield-Bearer (Demonspawn Fighter)       Turns: 2436, Time: 00:07:29

Health: -7/41      AC:  9    Str: 17    XL:     5   Next: 17%
Magic:  5/5        EV:  5    Int: 10    God:
Gold:   74         SH:  9    Dex: 12    Spells: 4/4 levels left

rFire    . . .     SeeInvis .   a - +0 long sword
rCold    . . .     Gourm    .   c - +0 shield
rNeg     . . .     Faith    .   p - +0 chain mail
rPois    .         Spirit   .   (helmet restricted)
rElec    .         Reflect  .   (no cloak)
rCorr    .         Harm     .   (no gloves)
MR       .....                  (no boots)
Stlth    ..........             i - amulet of regeneration
HPRegen  0.53/turn              (no ring)
MPRegen  0.09/turn              (no ring)

@: no status effects
A: horns 1, demonic guardian 1, rot immunity
a: no special abilities


You were on level 3 of the Dungeon.
You were not hungry.

You visited 1 branch of the dungeon, and saw 3 of its levels.

You collected 74 gold pieces.

Inventory:

Hand Weapons
 a - a +0 long sword (weapon)
Armour
 b - a +0 scale mail
 c - a +0 shield (worn)
 p - a +0 chain mail (worn)
Jewellery
 i - an amulet of regeneration (around neck)
Wands
 o - a wand of flame (10)
Scrolls
 e - a scroll of teleportation
 j - 3 scrolls of noise {unknown}
 l - 4 scrolls of remove curse {unknown}
 m - 2 scrolls of identify {unknown}
 q - a scroll of fog {unknown}
Potions
 d - a potion of might
 g - a potion of brilliance {unknown}
 h - a potion of haste
 k - a potion of magic {unknown}
 n - 2 potions of curing {unknown}
Comestibles
 f - 4 rations


   Skills:
 + Level 3.6 Fighting
 + Level 3.2 Long Blades
 + Level 3.1 Armour
 + Level 0.8 Dodging
 + Level 3.6 Shields


You had 4 spell levels left.
You didn't know any spells.
Your spell library was empty.

Dungeon Overview and Level Annotations

Branches:
Dungeon (3/15)

Altars:

Annotations:
D:3 1 transporter


Innate Abilities, Weirdness & Mutations

You have a pair of small horns on your head.
A weak demonic guardian rushes to your aid.
You are immune to rotting.


Message History

There is an open door here.
Your quasit bites the plant but does no damage.
Your quasit claws the plant but does no damage. x2
The electric eel shoots out a bolt of lightning at you!
The bolt of electricity hits you! The bolt of electricity hits you.
The bolt of electricity hits the plant.
Your quasit bites the plant but does no damage.
Your quasit claws the plant but does no damage.
Your quasit claws the plant.
The electric eel shoots out a bolt of lightning at you!
The bolt of electricity hits you! x2
* * * LOW HITPOINT WARNING * * *
The bolt of electricity hits the plant.
Your quasit bites the plant but does no damage.
Your quasit claws the plant but does no damage. x2
Your quasit bites the plant.
Your quasit claws the plant but does no damage. x2
The electric eel shoots out a bolt of lightning at you!
The bolt of electricity hits you!
You die...

.# .# # ######.# #. .# .# #.#
#......#####. .# .#
#.####.####....... .#
##.#########..............o#. .#
#.................####.....#.
.####.###############.# #.......
......#8P#≈≈≈≈≈≈≈#P8#)####.....#.
.###..#..#≈≈P≈≈..#.%#..........#.
.##..©#©?+≈≈≈⌠≈.@'.©#©..####.####
......#..#≈≈≈P≈?.#5.#..## #.#
#####.#8P#≈≈≈≈≈;;#P8#.## #.....
#.###############.# #.####
#.)(...†..........# #.#
#.#####........#### #.#
#.#####...... #.# #.# #.......
#.#####.# #...####


You could see 2 electric eels and a friendly quasit.

Vanquished Creatures
  An orc priest (D:3)
  2 adders
  A worm (D:2)
  3 dart slugs
  3 leopard geckos
  2 orcs (D:3)
  9 goblins
  7 hobgoblins
  7 jackals (D:1)
  9 kobolds
  2 quokkas (D:2)
  A ball python (D:1)
  6 bats
  4 frilled lizards
  6 rats
63 creatures vanquished.

Vanquished Creatures (collateral kills)
  An orc priest (D:3)
  An orc wizard (D:3)
2 creatures vanquished.

Grand Total: 65 creatures vanquished

Notes
Turn   | Place    | Note
-------+----------+-------------------------------------------
     0 | D:1      | Peloso the Demonspawn Fighter began the quest for the Orb.
     0 | D:1      | Reached XP level 1. HP: 18/18 MP: 1/1
    72 | D:1      | Gained mutation: You are immune to rotting. [demonic
                  | ancestry]
    72 | D:1      | Reached XP level 2. HP: 19/24 MP: 2/2
   616 | D:1      | Gained mutation: A weak demonic guardian rushes to your
                  | aid. [demonic ancestry]
   616 | D:1      | Reached XP level 3. HP: 25/29 MP: 3/3
  1597 | D:2      | Reached XP level 4. HP: 30/35 MP: 4/4
  2248 | D:3      | Found a transporter.
  2268 | D:3      | Found a transporter.
  2333 | D:3      | Gained mutation: You have a pair of small horns on your
                  | head. [demonic ancestry]
  2333 | D:3      | Reached XP level 5. HP: 30/41 MP: 5/5
  2436 | D:3      | Killed from afar by an electric eel

Levels and vault maps discovered:
D:1:      evilmike_arrival_fibonacci_small, layout_basic
D:2:      layout_loops_corners, st_stairs_13
D:3:      gammafunk_steamed_eel, layout_loops_ring,
          chequers_serial_rivers_room_b

Skill      XL: |  1  2  3  4 |
---------------+-------------+-----
Long Blades    | 2 3 |  3.2
Shields        | 3 |  3.6
Armour         | 3 |  3.1
Fighting       | |  3.6
Dodging        | |  0.8

Action                   |  1- 3 |  4- 6 || total
-------------------------+-------+-------++-------
Melee: Long sword        |   154 |    56 ||   210
  Use: Scroll            |     1 |       ||     1
       Potion            |     1 |       ||     1
  Eat: Chunk             |     2 |     3 ||     5
Armor: Scale mail        |    90 |    13 ||   103
       Chain mail        |       |    19 ||    19
Dodge: Dodged            |    58 |    15 ||    73
Block: Shield            |   108 |    31 ||   139
       Rpst.: Long sword |    23 |     6 ||    29
